3L
VANCOUVER GREY WOLVES @ TOLEDO STINGERS
07/17/2041
 
TOP OF THE 1ST
Vancouver Grey Wolves batting - Pitching for Toledo Stingers : RHP Lester Roadley
Pitching: RHP Lester Roadley
Batting: LHB Robbie Brendle 0-0: Bunt for hit to 25 - play at first, batter OUT! 5-3
Batting: RHB Rafael Maldonado 0-0: Ball
1-0: Foul Ball, location: 2F
1-1: Called Strike
1-2: Ball
2-2: Ball
3-2: DOUBLE (Groundball, 5L, EV 105.6 MPH)
Batting: RHB Phil van Oosterom 0-0: Ball
1-0: Ball
2-0: Called Strike
2-1: Foul Ball, location: 2F
2-2: Ball
3-2: Ground out 6-3 (Groundball, 6, EV 83.1 MPH)
Batting: LHB Yoritomo Sato 0-0: Ball
1-0: Called Strike
1-1: Foul Ball, location: 2F
1-2: Ball
2-2: Ball
3-2: Foul Ball, location: 2F
3-2: Base on Balls
Batting: RHB Kao-tsu Koo 0-0: Ball
1-0: Ball
2-0: Ball
3-0: Foul Ball, location: 2F
3-1: Fly out, F4 (Popup, 4, EV 64.4 MPH)
Top of the 1st over - 0 runs, 1 hit, 0 errors, 2 left on base; Vancouver 0 - Toledo 0
BOTTOM OF THE 1ST
Toledo Stingers batting - Pitching for Vancouver Grey Wolves : LHP Hong-bin Hua
Pitching: LHP Hong-bin Hua
Batting: RHB Brook Linen 0-0: Called Strike
0-1: Swinging Strike
0-2: DOUBLE (Flyball, 78XD, EV 108.1 MPH)
Batting: LHB Matt Dunlap 0-0: Called Strike
0-1: Fly out, F8 (Flyball, 8RS, EV 82.5 MPH)
Batting: RHB Emílio Agramónte 0-0: Ball
1-0: Swinging Strike
1-1: Fly out, F9 (Line Drive, 9D, EV 93.1 MPH)
Runner from 2nd tags up, SAFE at 3rd, no throw by RF
Batting: LHB Lester Threlfall 0-0: Ball
1-0: Foul Ball, location: 2F
1-1: Ball
2-1: Ball
3-1: Foul Ball, location: 2F
3-2: DOUBLE (Line Drive, 78D, EV 100.0 MPH)
Brook Linen scores
Batting: RHB Joey Trifone 0-0: Called Strike
0-1: Swinging Strike
0-2: Ball
1-2: Ball
2-2: Fly out, F5 (Popup, 5SF, EV 61.9 MPH)
Bottom of the 1st over - 1 run, 2 hits, 0 errors, 1 left on base; Vancouver 0 - Toledo 1
TOP OF THE 2ND
Vancouver Grey Wolves batting - Pitching for Toledo Stingers : RHP Lester Roadley
Batting: LHB Javier Sánchez 0-0: Ball
1-0: Ball
2-0: Ball
3-0: Base on Balls
Batting: LHB Cameron Woolever 0-0: Ball
1-0: Foul Ball, location: 2F
1-1: Swinging Strike
1-2: Ball
2-2: Ball
3-2: Base on Balls
Javier Sánchez to second
Batting: LHB José Arras 0-0: Called Strike
0-1: Fielders Choice at 2nd, 6-4 (Groundball, 6, EV 81.9 MPH)
Javier Sánchez to third
Batting: RHB David Stone 0-0: Foul Ball, location: 2F
0-1: Foul Ball, location: 2F
0-2: Ball
1-2: Foul Ball, location: 2F
1-2: Foul Ball, location: 2F
1-2: Ball
2-2: Ball
3-2: Fly out, F8 (Flyball, 8LS, EV 93.1 MPH)
Batting: LHB Robbie Brendle 0-0: Called Strike
0-1: 3-RUN HOME RUN (Flyball, 89XD, EV 93.8 MPH), Distance : 427 ft
Batting: RHB Rafael Maldonado 0-0: Ball
1-0: Called Strike
1-1: Ball
2-1: Ball
3-1: Foul Ball, location: 2F
3-2: TRIPLE (Flyball, 78XD, EV 96.9 MPH)
Batting: RHB Phil van Oosterom 0-0: Ball
1-0: Ground out 5-3 (Groundball, 56, EV 103.8 MPH)
Top of the 2nd over - 3 runs, 2 hits, 0 errors, 1 left on base; Vancouver 3 - Toledo 1
BOTTOM OF THE 2ND
Toledo Stingers batting - Pitching for Vancouver Grey Wolves : LHP Hong-bin Hua
Batting: LHB Pedro Serano 0-0: Foul Ball, location: 2F
0-1: Foul Ball, location: 2F
0-2: Ball
1-2: Fly out, F4 (Popup, 4S, EV 58.8 MPH)
Batting: RHB Anselmo Berneu 0-0: Called Strike
0-1: DOUBLE (Groundball, 3L, EV 100.0 MPH)
Batting: LHB Grover Barbaran 0-0: Called Strike
0-1: Swinging Strike
0-2: Ground out 1-3 (Groundball, 15S, EV 73.8 MPH)
Batting: SHB Shiki Sanu 0-0: Ball
1-0: Foul Ball, location: 2F
1-1: Ball
2-1: Ball
3-1: Called Strike
3-2: Foul Ball, location: 2F
3-2: Ground out 4-3 (Groundball, 34, EV 99.4 MPH)
Bottom of the 2nd over - 0 runs, 1 hit, 0 errors, 1 left on base; Vancouver 3 - Toledo 1
TOP OF THE 3RD
Vancouver Grey Wolves batting - Pitching for Toledo Stingers : RHP Lester Roadley
Batting: LHB Yoritomo Sato 0-0: Ground out 4-3 (Groundball, 4, EV 88.1 MPH)
Batting: RHB Kao-tsu Koo 0-0: Ball
1-0: Called Strike
1-1: Ball
2-1: Ball
3-1: Fly out, F8 (Flyball, 8LS, EV 90.6 MPH)
Batting: LHB Javier Sánchez 0-0: Called Strike
0-1: Called Strike
0-2: Fly out, F9 (Flyball, 9S, EV 86.2 MPH)
Top of the 3rd over - 0 runs, 0 hits, 0 errors, 0 left on base; Vancouver 3 - Toledo 1
BOTTOM OF THE 3RD
Toledo Stingers batting - Pitching for Vancouver Grey Wolves : LHP Hong-bin Hua
Batting: RHB Brook Linen 0-0: Called Strike
0-1: Reached on error, E8 (Flyball, 8LD, EV 101.2 MPH)
Batting: LHB Matt Dunlap 0-0: Ball
1-0: Fly out, F4 (Popup, 34, EV 66.2 MPH)
Batting: RHB Emílio Agramónte 0-0: Ball
1-0: Called Strike
1-1: Grounds into double play, 5-4-3 (Groundball, 56, EV 85.0 MPH)
Bottom of the 3rd over - 0 runs, 0 hits, 1 error, 0 left on base; Vancouver 3 - Toledo 1
TOP OF THE 4TH
Vancouver Grey Wolves batting - Pitching for Toledo Stingers : RHP Lester Roadley
Batting: LHB Cameron Woolever 0-0: Ball
1-0: Fly out, F4 (Popup, 23, EV 96.2 MPH)
Batting: LHB José Arras 0-0: Ball
1-0: Ball
2-0: Ball
3-0: Base on Balls
Batting: RHB David Stone 0-0: Ball
1-0: Fly out, F3 (Line Drive, 3, EV 70.0 MPH)
Batting: LHB Robbie Brendle 0-0: Foul Ball, location: 2F
0-1: Foul Ball, location: 2F
0-2: Ball
1-2: Ball
2-2: Ground out U3 (Groundball, 3, EV 107.5 MPH)
Top of the 4th over - 0 runs, 0 hits, 0 errors, 1 left on base; Vancouver 3 - Toledo 1
BOTTOM OF THE 4TH
Toledo Stingers batting - Pitching for Vancouver Grey Wolves : LHP Hong-bin Hua
Batting: LHB Lester Threlfall 0-0: Ball
1-0: Called Strike
1-1: Ball
2-1: Foul Ball, location: 2F
2-2: Ball
3-2: SINGLE (Groundball, 4D, EV 102.5 MPH)
Batting: RHB Joey Trifone 0-0: Ball
1-0: Ball
2-0: Called Strike
2-1: Ball
3-1: Fly out, F8 (Flyball, 89S, EV 77.5 MPH)
Batting: LHB Pedro Serano 0-0: Ball
1-0: Grounds into double play, 1-6-3 (Groundball, 13, EV 66.9 MPH)
Bottom of the 4th over - 0 runs, 1 hit, 0 errors, 0 left on base; Vancouver 3 - Toledo 1
TOP OF THE 5TH
Vancouver Grey Wolves batting - Pitching for Toledo Stingers : RHP Lester Roadley
Batting: RHB Rafael Maldonado 0-0: Ball
1-0: Ball
2-0: Called Strike
2-1: Ball
3-1: Foul Ball, location: 2F
3-2: Base on Balls
Batting: RHB Phil van Oosterom 0-0: Ball
1-0: Ball
2-0: Foul Ball, location: 2F
2-1: Reached on error, E1 (Groundball, 15, EV 70.6 MPH)
Rafael Maldonado to second
Batting: LHB Yoritomo Sato 0-0: Called Strike
0-1: Foul Ball, location: 2F
0-2: Ball
1-2: Fly out, F9 (Flyball, 89D, EV 85.0 MPH)
Batting: RHB Kao-tsu Koo 0-0: SINGLE (Line Drive, 3D, EV 94.4 MPH)
Rafael Maldonado to third
Phil van Oosterom to second
Batting: LHB Javier Sánchez 0-0: Grounds into fielders choice 3-2 (Groundball, 34, EV 93.1 MPH)
Phil van Oosterom to third
Kao-tsu Koo to second
Batting: LHB Cameron Woolever 0-0: Swinging Strike
0-1: Fly out, F8 (Flyball, 8LM, EV 84.4 MPH)
Top of the 5th over - 0 runs, 1 hit, 1 error, 3 left on base; Vancouver 3 - Toledo 1
BOTTOM OF THE 5TH
Toledo Stingers batting - Pitching for Vancouver Grey Wolves : LHP Hong-bin Hua
Batting: RHB Anselmo Berneu 0-0: Ball
1-0: Called Strike
1-1: DOUBLE (Flyball, 8RXD, EV 99.4 MPH) - OUT at third base trying to stretch hit.
Batting: LHB Grover Barbaran 0-0: Called Strike
0-1: Ball
1-1: Foul Ball, location: 2F
1-2: Ground out 4-3 (Groundball, 4D, EV 107.5 MPH)
Batting: SHB Shiki Sanu 0-0: Fly out, F9 (Flyball, 89D, EV 95.6 MPH)
Bottom of the 5th over - 0 runs, 1 hit, 0 errors, 0 left on base; Vancouver 3 - Toledo 1
TOP OF THE 6TH
Vancouver Grey Wolves batting - Pitching for Toledo Stingers : RHP Lester Roadley
Batting: LHB José Arras 0-0: Ball
1-0: Swinging Strike
1-1: Swinging Strike
1-2: Ball
2-2: Ball
3-2: Strikes out looking
Batting: RHB David Stone 0-0: Ball
1-0: Called Strike
1-1: Ball
2-1: Swinging Strike
2-2: Foul Ball, location: 2F
2-2: Strikes out swinging
Batting: LHB Robbie Brendle 0-0: Called Strike
0-1: Bunt missed!
0-2: Foul Ball, location: 2F
0-2: Strikes out swinging
Top of the 6th over - 0 runs, 0 hits, 0 errors, 0 left on base; Vancouver 3 - Toledo 1
BOTTOM OF THE 6TH
Toledo Stingers batting - Pitching for Vancouver Grey Wolves : LHP Hong-bin Hua
Batting: RHB Brook Linen 0-0: Fly out, F7 (Flyball, 7, EV 83.1 MPH)
Batting: LHB Matt Dunlap 0-0: Foul Ball, location: 2F
0-1: Ball
1-1: Ball
2-1: Reached on error, E8 (Line Drive, 8LD, EV 98.1 MPH)
Batting: RHB Emílio Agramónte 0-0: Foul Ball, location: 2F
0-1: Ball
1-1: Fly out, F9 (Flyball, 9LDF, EV 97.5 MPH)
Batting: LHB Lester Threlfall 0-0: Called Strike
0-1: Called Strike
0-2: Ball
1-2: Ground out 4-3 (Groundball, 4, EV 98.8 MPH)
Bottom of the 6th over - 0 runs, 0 hits, 1 error, 1 left on base; Vancouver 3 - Toledo 1
TOP OF THE 7TH
Vancouver Grey Wolves batting - Pitching for Toledo Stingers : RHP Lester Roadley
Pitching: RHP Taalay Ibragimov
Batting: RHB Rafael Maldonado 0-0: Ball
1-0: Swinging Strike
1-1: Ball
2-1: Foul Ball, location: 2F
2-2: Ball
3-2: Foul Ball, location: 2F
3-2: Foul Ball, location: 2F
3-2: SOLO HOME RUN (Flyball, 78XD, EV 98.8 MPH), Distance : 437 ft
Batting: RHB Phil van Oosterom 0-0: Foul Ball, location: 2F
0-1: Ball
1-1: Fly out, F9 (Flyball, 89D, EV 95.0 MPH)
Batting: LHB Yoritomo Sato 0-0: Ground out 5-3 (Groundball, 56, EV 79.4 MPH)
Batting: RHB Kao-tsu Koo 0-0: Foul Ball, location: 2F
0-1: Called Strike
0-2: Ball
1-2: Strikes out swinging
Top of the 7th over - 1 run, 1 hit, 0 errors, 0 left on base; Vancouver 4 - Toledo 1
BOTTOM OF THE 7TH
Toledo Stingers batting - Pitching for Vancouver Grey Wolves : LHP Hong-bin Hua
Batting: RHB Joey Trifone 0-0: SINGLE (Line Drive, 9S, EV 106.2 MPH)
Batting: LHB Pedro Serano 0-0: Foul Ball, location: 2F
0-1: Ball
1-1: Ball
2-1: Fly out, F7 (Flyball, 7LM, EV 103.1 MPH)
Batting: RHB Anselmo Berneu 0-0: Called Strike
0-1: Foul Ball, location: 2F
0-2: Ball
1-2: Ball
2-2: Strikes out swinging
Batting: LHB Grover Barbaran 0-0: Ball
1-0: Ball
2-0: Called Strike
2-1: Ground out 1-3 (Groundball, 34S, EV 73.8 MPH)
Bottom of the 7th over - 0 runs, 1 hit, 0 errors, 1 left on base; Vancouver 4 - Toledo 1
TOP OF THE 8TH
Vancouver Grey Wolves batting - Pitching for Toledo Stingers : RHP Taalay Ibragimov
Batting: LHB Javier Sánchez 0-0: Ball
1-0: Called Strike
1-1: Called Strike
1-2: Ball
2-2: Ball
3-2: Base on Balls
Batting: LHB Cameron Woolever 0-0: Ball
1-0: Fielders Choice at 2nd, 3-6 (Groundball, 3, EV 101.2 MPH)
Batting: LHB José Arras 0-0: Grounds into double play, 4-6-3 (Groundball, 4, EV 82.5 MPH)
Top of the 8th over - 0 runs, 0 hits, 0 errors, 0 left on base; Vancouver 4 - Toledo 1
BOTTOM OF THE 8TH
Toledo Stingers batting - Pitching for Vancouver Grey Wolves : LHP Hong-bin Hua
Now at C: Kevin Malone
Now at 3B: Alejandro Cantú
Now in LF: Hani Azwan
Batting: SHB Shiki Sanu 0-0: Ball
1-0: Called Strike
1-1: Called Strike
1-2: Ball
2-2: Foul Ball, location: 2F
2-2: Fly out, F6 (Popup, 56, EV 65.6 MPH)
Pitching: RHP Gojong Joseon
Batting: RHB Brook Linen 0-0: Ball
1-0: Swinging Strike
1-1: Ball
2-1: Ground out 6-3 (Groundball, 56, EV 106.9 MPH)
Batting: LHB Matt Dunlap 0-0: Ball
1-0: Ball
2-0: Fly out, F3 (Popup, 3, EV 55.6 MPH)
Bottom of the 8th over - 0 runs, 0 hits, 0 errors, 0 left on base; Vancouver 4 - Toledo 1
TOP OF THE 9TH
Vancouver Grey Wolves batting - Pitching for Toledo Stingers : RHP Taalay Ibragimov
Batting: RHB David Stone 0-0: Ball
1-0: Swinging Strike
1-1: Ball
2-1: Ball
3-1: Swinging Strike
3-2: Foul Ball, location: 2F
3-2: Base on Balls
Batting: LHB Robbie Brendle 0-0: Ball
1-0: Bunted foul
1-1: Sac Bunt to 13 - play at first, batter OUT! 1-4
David Stone to second
Batting: RHB Rafael Maldonado 0-0: Fly out, F7 (Flyball, 7LS, EV 96.2 MPH)
Batting: RHB Phil van Oosterom 0-0: Called Strike
0-1: Called Strike
0-2: Ball
1-2: Ball
2-2: Ball
3-2: Reached on error, E5 (Groundball, 56S, EV 82.5 MPH)
David Stone scores
Batting: RHB Hani Azwan 0-0: Called Strike
0-1: Ball
1-1: Ball
2-1: Foul Ball, location: 2F
2-2: Ball
3-2: Foul Ball, location: 2F
3-2: Strikes out swinging
Top of the 9th over - 1 run, 0 hits, 1 error, 1 left on base; Vancouver 5 - Toledo 1
BOTTOM OF THE 9TH
Toledo Stingers batting - Pitching for Vancouver Grey Wolves : RHP Gojong Joseon
Batting: RHB Emílio Agramónte 0-0: Called Strike
0-1: Called Strike
0-2: Strikes out swinging
Batting: LHB Lester Threlfall 0-0: Ball
1-0: Ball
2-0: Called Strike
2-1: Ground out 1-3 (Groundball, 34S, EV 71.2 MPH)
Batting: RHB Joey Trifone 0-0: Ball
1-0: Ball
2-0: Called Strike
2-1: Fly out, F8 (Flyball, 89M, EV 78.1 MPH)
Bottom of the 9th over - 0 runs, 0 hits, 0 errors, 0 left on base; Vancouver 5 - Toledo 1
Tuesday, January 5th, 2021 - OOTP Baseball 20.8 Build 74